 Dungeon Crawl Stone Soup version 0.27-a0-1312-g5cdb2b3542 (webtiles) character file.

Game seed: 2552057808321428376

261523 27snakeeyes612 the Warrior (level 19, -14/271 HPs)
             Began as a Minotaur Berserker on June 19, 2021.
             Was the Champion of Trog.
             Killed from afar by a frost giant (50 damage)
             ... with a bolt of cold
             ... on level 4 of the Shoals.
             The game lasted 00:29:22 (38306 turns).

27snakeeyes612 the Warrior (Minotaur Berserker)    Turns: 38306, Time: 00:29:22

Health: -14/271    AC: 31    Str: 42    XL:     19   Next: 58%
Magic:  18/18      EV: 21    Int:  6    God:    Trog [******]
Gold:   2163       SH: 26    Dex: 22    Spells: 18/18 levels left

rFire    + . .     SeeInvis .   F - +6 broad axe (vamp)
rCold    . . .     Faith    .   Z - +3 kite shield {AC+3}
rNeg     . . .     Spirit   .   G - +4 plate armour {rF+}
rPois    +         Reflect  +   s - +2 hat
rElec    .         Harm     .   (no cloak)
rCorr    .         Rampage  +   y - +0 pair of gloves of Parlour Games {Rampage Will+}
Will     ++++.                  w - +1 pair of boots "Kackux" {Str+4 Dex+5}
Stlth    ..........             P - amulet "Yntimio" {Reflect SH+5 Stlth+}
HPRegen  1.55/turn              C - +6 ring of strength
MPRegen  0.16/turn              e - ring of Afoedu {rPois Str+3 Int+2 Dex+6}

@: berserking, strong-willed, regenerating, slow
A: horns 2, retaliatory headbutt
}: 1/15 runes: gossamer
a: Renounce Religion, Berserk, Trog's Hand, Brothers in Arms


You were on level 4 of the Shoals.
You worshipped Trog.
Trog was exalted by your worship.
You visited 5 branches of the dungeon, and saw 31 of its levels.
You also visited: Bailey, Ice Cave and Volcano.

You collected 3173 gold pieces.
You spent 1010 gold pieces at shops.

Inventory:

Hand Weapons
 F - a +6 vampiric broad axe (weapon)
Missiles
 d - 2 boomerangs of dispersal
 D - 10 throwing nets
Armour
 s - a +2 hat (worn)
 w - the +1 pair of boots "Kackux" (worn) {Str+4 Dex+5}
   (You found it on level 8 of the Dungeon)

   It affects your strength (+4).
   It affects your dexterity (+5).
 y - the +0 pair of gloves of Parlour Games (worn) {Rampage Will+}
   (You found it on level 8 of the Dungeon)

   It bestows one free step when moving towards enemies.
   It increases your willpower.
 G - a +4 plate armour of fire resistance (worn)
 Z - a +3 kite shield of protection (worn)
Jewellery
 e - the ring of Afoedu (right hand) {rPois Str+3 Int+2 Dex+6}
   (You acquired it on level 9 of the Dungeon)

   [ring of dexterity]

   It affects your strength (+3).
   It affects your intelligence (+2).
   It affects your dexterity (+6).
   It protects you from poison.
 f - the amulet "Kusheuf" {Reflect -Tele rN++ Str+8 SH+5}
   (You found it on level 4 of the Lair of Beasts)

   [amulet of reflection]

   It reflects blocked missile attacks.
   It affects your strength (+8).
   It greatly protects you from negative energy.
   It prevents most forms of teleportation.
   It affects your SH (+5).
 l - a ring of flight
 n - an amulet of guardian spirit
 q - a ring of poison resistance
 u - a ring of see invisible
 C - a +6 ring of strength (left hand)
 K - a ring of positive energy
 N - the amulet "Tam Haop" {rElec rPois rF- Will+ Regen+ rCorr}
   (You found it on level 4 of the Shoals)

   [amulet of regeneration]

   It makes you vulnerable to fire.
   It insulates you from electricity.
   It protects you from poison.
   It increases your rate of health regeneration.
   It protects you from acid and corrosion.
   It increases your willpower.
 P - the amulet "Yntimio" (around neck) {Reflect SH+5 Stlth+}
   (You acquired it on level 13 of the Dungeon)

   [amulet of reflection]

   It reflects blocked missile attacks.
   It affects your SH (+5).
   It makes you more stealthy.
 Q - a ring of ice
 R - an amulet of regeneration
 T - a ring of fire
 V - a ring of willpower
Wands
 a - a wand of mindburst (39)
 v - a wand of acid (19)
 A - a wand of digging (26)
 B - a wand of charming (22)
 L - a wand of flame (59)
 O - a wand of paralysis (28)
 S - a wand of iceblast (37)
Scrolls
 g - 12 scrolls of identify
 i - 2 scrolls of silence
 j - 11 scrolls of teleportation
 r - a scroll of fear
 J - 2 scrolls of blinking
 M - a scroll of brand weapon
 U - 5 scrolls of immolation
 Y - 4 scrolls of magic mapping
Potions
 b - a potion of cancellation
 c - 6 potions of brilliance
 h - 2 potions of resistance
 k - 4 potions of haste
 m - 3 potions of berserk rage
 o - 7 potions of attraction
 p - 6 potions of heal wounds
 t - 4 potions of lignification
 x - 9 potions of curing
 z - 5 potions of ambrosia
 E - 9 potions of mutation
 H - 4 potions of magic
 I - 4 potions of might
 X - a potion of flight


   Skills:
 + Level 18.9 Fighting
 + Level 18.2 Axes
 + Level 17.9 Armour
 + Level 16.7 Dodging
 + Level 17.8 Shields


You had 18 spell levels left.
You didn't know any spells.
Your spell library was empty.

Dungeon Overview and Level Annotations

Branches:
Dungeon (15/15)            Temple (0/1) D:6            Lair (6/6) D:11
 Shoals (4/4) Lair:4       Spider (4/4) Lair:3        Slime (0/5) Lair:5
    Orc (2/2) D:10            Elf (0/3) Orc:2        Vaults (0/5) D:14
 Depths (0/5) D:15         Bailey (visited)           IceCv (visited)
Volcano (visited)

Altars:
Gozag
Hepliaklqana
Kikubaaqudgha
Makhleb
Qazlal
Ru
Xom
Yredelemnul
The Shining One
Beogh
Jiyva

Shops:
D:6 *   D:10 [   D:14 !   Orc:2 :(***[(   Shoals:1 [

Portals:
Abyss: Lair:4

Annotations:
Lair:3 exclusion: 2 oklob plants
Lair:4 2 transporters, Dwachs's ghost, journeyman DjVM


Innate Abilities, Weirdness & Mutations

You have a pair of horns on your head.
You reflexively headbutt those who attack you in melee.


Message History

You are engulfed in freezing vapours.
* * * LOW HITPOINT WARNING * * *
You block the merfolk siren's attack.
A red film seems to cover your vision as you go berserk!
You feel yourself moving faster!
You feel mighty!
You are engulfed in freezing vapours.
* * * LOW HITPOINT WARNING * * *
The frost giant hits you with a +0 battleaxe of freezing!!
* * * LOW HITPOINT WARNING * * *
The frost giant freezes you!
* * * LOW HITPOINT WARNING * * *
You block the merfolk siren's attack.
You slice the frost giant!!
You feel better.
You headbutt the frost giant!
The frost giant is heavily wounded.
The frost giant gestures at you while chanting.
The bolt of cold hits you!!!
* * * LOW HITPOINT WARNING * * *
You slash the frost giant!
You feel better.
You headbutt the frost giant!
The frost giant is severely wounded.
You are engulfed in freezing vapours.
You block the merfolk siren's attack.
You hit the frost giant.
The frost giant is severely wounded.
You are engulfed in freezing vapours.
* * * LOW HITPOINT WARNING * * *
The frost giant barely misses you.
Your unstable footing causes you to fumble your attack.
You are engulfed in freezing vapours.
The merfolk siren closely misses you.
Your unstable footing causes you to fumble your attack.
You are engulfed in freezing vapours.
* * * LOW HITPOINT WARNING * * *
You block the frost giant's attack.
Your unstable footing causes you to fumble your attack.
You are engulfed in freezing vapours.
The merfolk siren closely misses you.
You slice the frost giant!!
You feel better.
The frost giant is almost dead.
You are engulfed in freezing vapours.
* * * LOW HITPOINT WARNING * * *
The frost giant gestures at you while chanting.
The bolt of cold hits you!!!
You die...

≈≈≈≈≈≈≈≈≈≈≈≈≈≈≈≈≈≈≈≈≈≈≈≈≈≈≈
≈≈≈≈≈≈≈≈≈≈≈≈≈≈≈≈≈≈≈≈≈≈≈≈≈≈≈
≈≈≈≈≈≈≈≈≈≈≈≈≈≈≈≈≈≈.....≈≈≈≈
.≈≈≈≈≈≈≈≈≈≈≈≈≈≈≈≈......≈≈≈≈
..≈≈≈≈≈≈.......≈........≈≈≈
...≈≈≈≈≈.#.####.........≈≈≈
....≈≈≈)##### #..........≈≈
......##≈°#)#≈###......(.≈≈
....≈. #)≈@≈≈..##.......≈≈≈ .$..≈
##)#C#.≈##......?≈≈≈ ...≈≈ #m≈φ.≈
##.......≈≈≈ ≈≈≈≈
#≈#≈#(≈##.......≈≈≈ ....≈≈≈≈≈≈
...≈...#........≈≈≈
...≈≈≈≈≈≈≈≈≈≈#.?###.###.......≈≈≈
...≈≈≈≈≈≈≈≈≈≈.#######.........≈≈≈
....≈≈≈≈≈≈§§≈≈#≈#.≈#≈.........≈≈≈
.#..≈≈≈≈≈≈§≈≈.................≈≈≈


You could see a frost giant and a merfolk siren.

Vanquished Creatures
  Jorgrun (D:13)
  Polyphemus (Shoals:4)
  Frances (D:13)
  2 krakens
  Kirke (Shoals:4)
  7 emperor scorpions
  2 ghost moths (Spider:4)
  An orc warlord (Orc:2)
  2 entropy weavers
  A dire elephant (Lair:6)
  A spark wasp (Spider:4)
  3 merfolk javelineers
  An ettin (shapeshifter) (D:15)
  An ettin (Orc:2)
  A fire dragon (Volcano)
  8 merfolk impalers
  Harold (Lair:2)
  A great orb of eyes (D:15)
  A vault guard (D:14)
  6 boulder beetles
  A rakshasa (D:15)
  7 merfolk avatars
  5 catoblepae
  6 hydras
  2 ogre magi
  3 alligator snapping turtles
  5 merfolk aquamancers
  3 satyrs
  8 two-headed ogres
  2 tengu warriors
  A deep troll shaman (Lair:6)
  10 centaur warriors
  8 death scarabs (Spider:4)
  16 death yaks
  3 orc high priests (Orc:2)
  Urug (Lair:3)
  A wizard (D:15)
  A spectral emperor scorpion (Spider:4)
  16 sea snakes
  2 deep trolls (Orc:2)
  A lindwurm (Lair:3)
  9 harpies
  3 deep elf pyromancers
  8 spectral wolf spiders
  6 orc knights
  5 wolf spider zombies (Spider:3)
  2 orc sorcerers (Orc:2)
  23 orb spiders
  33 wolf spiders
  3 salamanders (Volcano)
  15 manticores
  18 ugly things
  An oklob plant (Shoals:3)
  4 cyclopes
  14 fauns
  3 moths of wrath
  10 merfolk sirens
  A centaur zombie (D:11)
  5 elephants
  6 black mambas
  6 water nymphs
  4 torpor snails
  A gargoyle (D:13)
  12 cane toads
  4 spectral redbacks (Spider:4)
  8 rime drakes
  An unseen horror (D:12)
  2 freezing wraiths (D:15)
  24 demonic crawlers
  21 komodo dragons
  3 efreet
  A tengu conjurer (D:14)
  53 jumping spiders
  5 polar bears
  5 trolls
  3 meliai (D:14)
  2 wind drakes
  9 hornets
  34 merfolk
  3 spectral tarantellas (Spider:4)
  6 blink frogs
  2 wolf spider simulacra (Spider:3)
  10 slime creatures
  2 spectral jumping spiders (Spider:4)
  13 dream sheep
  6 snapping turtles
  A jumping spider zombie (Spider:4)
  4 tarantella zombies (Spider:4)
  2 water elementals
  A shadow (D:11)
  13 wyverns
  65 redbacks
  42 tarantellas
  26 yaks
  A vampire (D:10)
  2 wraiths
  2 basilisks
  5 hogs (Shoals:4)
  4 fire bats (Volcano)
  A steam dragon (D:8)
  3 wargs (Orc:2)
  Menkaure (D:7)
  4 acid dragons
  2 hell hounds (Lair:4)
  17 water moccasins
  2 spectral hornets (Spider:4)
  4 black bears
  24 orc warriors
  6 ice beasts (IceCv)
  2 hornet zombies (Spider:4)
  A necrophage (D:7)
  2 sky beasts
  12 wolves (Lair:6)
  13 ogres
  2 phantoms (D:6)
  18 centaurs
  A kobold brigand (D:8)
  Blork the orc (D:6)
  10 bullfrogs
  3 scorpions
  A water moccasin zombie (D:6)
  12 killer bees
  4 wights
  A howler monkey (D:6)
  3 electric eels
  A gnoll shaman (D:9)
  8 orc priests
  A hound (D:6)
  2 centaur skeletons
  Natasha (twice) (D:2)
  4 iguanas
  20 orc wizards
  6 hell rats (Lair:5)
  A killer bee zombie (D:9)
  A hound skeleton (D:5)
  17 gnolls
  7 adders
  A shadow imp (D:7)
  3 white imps
  An ufetubus (D:7)
  An adder skeleton (D:4)
  A worm (D:2)
  3 dart slugs
  57 orcs
  3 ball pythons
  An endoplasm (D:2)
  3 giant cockroaches
  4 goblins
  23 hobgoblins
  A quokka (D:1)
  A bat (D:3)
  5 frilled lizards
  16 kobolds
  2 rats
  6 tentacles
1074 creatures vanquished.

Vanquished Creatures (others)
  A merfolk impaler (Shoals:4)
  A merfolk aquamancer (Shoals:4)
  A wolf spider (Spider:2)
  A torpor snail (Spider:4)
  2 orc wizards
  An orc (D:8)
  35 fungi
  145 plants
  9 tentacles
196 creatures vanquished.

Grand Total: 1270 creatures vanquished

Notes
Turn   | Place    | Note
-------+----------+-------------------------------------------
     0 | D:1      | 27snakeeyes612 the Minotaur Berserker began the quest for
                  | the Orb.
     0 | D:1      | Reached XP level 1. HP: 19/19 MP: 0/0
   367 | D:1      | Reached XP level 2. HP: 26/27 MP: 1/1
   465 | D:1      | Found a faded altar of an unknown god.
  1344 | D:2      | Reached XP level 3. HP: 33/33 MP: 2/2
  1469 | D:2      | Noticed Natasha
  1481 | D:2      | Killed Natasha
  1482 | D:2      | Reached XP level 4. HP: 19/40 MP: 3/3
  1674 | D:2      | Reached skill level 1 in Shields
  2062 | D:2      | Noticed Natasha
  2068 | D:2      | Killed Natasha
  2364 | D:3      | Noticed a scorpion
  2370 | D:3      | Killed a scorpion
  2371 | D:3      | Reached skill level 5 in Axes
  2371 | D:3      | Reached XP level 5. HP: 47/47 MP: 4/4
  2447 | D:3      | Reached ** piety under Trog
  3205 | D:4      | Noticed an ogre
  3206 | D:4      | Noticed an ogre
  3238 | D:4      | Killed an ogre
  3239 | D:4      | Reached XP level 6. HP: 55/55 MP: 5/5
  3240 | D:4      | Reached skill level 5 in Fighting
  3994 | D:5      | Entered Level 5 of the Dungeon
  4064 | D:5      | Reached XP level 7. HP: 61/61 MP: 6/6
  4499 | D:5      | Found a hazy altar of Hepliaklqana.
  4661 | D:5      | Found a shimmering altar of Xom.
  4781 | D:5      | Found an opulent altar of Gozag.
  4790 | D:5      | Found an ancient bone altar of Kikubaaqudgha.
  4796 | D:5      | Found a glowing golden altar of the Shining One.
  5096 | D:6      | Found a sacrificial altar of Ru.
  5114 | D:6      | Reached skill level 5 in Armour
  5134 | D:6      | Reached XP level 8. HP: 27/70 MP: 7/7
  5179 | D:6      | Reached skill level 5 in Dodging
  5527 | D:6      | Found a staircase to the Ecumenical Temple.
  5544 | D:6      | Noticed Blork the orc
  5550 | D:6      | Killed Blork the orc
  5688 | D:6      | Reached skill level 5 in Shields
  5765 | D:6      | Found Anyf's General Store.
  7312 | D:7      | Reached *** piety under Trog
  7529 | D:7      | Found a stormy altar of Qazlal.
  7800 | D:7      | Noticed Menkaure
  7806 | D:7      | Killed Menkaure
  7807 | D:7      | Reached XP level 9. HP: 61/79 MP: 8/8
  8708 | D:8      | Identified the +1 pair of boots "Kackux" {Str+4 Dex+5}
  9014 | D:8      | Found a basalt altar of Yredelemnul.
  9398 | D:8      | Identified the +0 pair of gloves of Parlour Games {Rampage
                  | Will+}
  9487 | D:9      | Found a burning altar of Makhleb.
  9487 | D:9      | Noticed a green death
  9601 | D:9      | Noticed a two-headed ogre
  9615 | D:9      | Killed a two-headed ogre
  9921 | D:9      | Reached XP level 10. HP: 53/90 MP: 9/9
  9929 | D:9      | Reached **** piety under Trog
 10545 | D:9      | Identified 2 scrolls of acquirement
 10545 | D:9      | Acquired 433 gold pieces
 10546 | D:9      | Acquired the ring of Afoedu {rPois Str+3 Int+2 Dex+6}
 10557 | D:10     | Entered Level 10 of the Dungeon
 10610 | D:10     | Found Loedeapn's Armour Shop.
 10611 | D:10     | Found a staircase to the Orcish Mines.
 10687 | D:10     | Bought a +2 plate armour of fire resistance for 560 gold
                  | pieces
 10873 | D:10     | Noticed a two-headed ogre
 10899 | D:10     | Killed a two-headed ogre
 10905 | D:10     | Found a flagged portal.
 10968 | Bailey   | Entered a bailey
 11161 | Bailey   | Reached ***** piety under Trog
 11902 | D:11     | Noticed a two-headed ogre
 11910 | D:11     | Killed a two-headed ogre
 12165 | D:11     | Reached skill level 10 in Axes
 12308 | D:11     | Reached XP level 11. HP: 89/99 MP: 10/10
 12646 | D:11     | Reached skill level 10 in Fighting
 13135 | D:11     | Found a staircase to the Lair.
 13307 | D:12     | Noticed a brown ugly thing
 13318 | D:12     | Killed a brown ugly thing
 13588 | D:12     | Noticed a boulder beetle
 13607 | D:12     | Killed a boulder beetle
 13800 | D:12     | Noticed a red ugly thing
 13807 | D:12     | Killed a red ugly thing
 13819 | D:12     | Reached skill level 10 in Armour
 13847 | D:12     | Noticed a two-headed ogre
 13856 | D:12     | Killed a two-headed ogre
 14133 | D:12     | Noticed a deep elf pyromancer
 14138 | D:12     | Noticed a boulder beetle
 14143 | D:12     | Reached skill level 10 in Shields
 14147 | D:12     | Killed a deep elf pyromancer
 14147 | D:12     | Received a gift from Trog
 14164 | D:12     | Killed a boulder beetle
 14632 | D:13     | Acquired the amulet "Yntimio" {Reflect SH+5 Stlth+}
 14867 | D:13     | Noticed a centaur warrior
 14872 | D:13     | Killed a centaur warrior
 14873 | D:13     | Reached XP level 12. HP: 104/110 MP: 11/11
 15171 | D:13     | Noticed Frances
 15174 | D:13     | Noticed a tengu warrior
 15183 | D:13     | Killed Frances
 15184 | D:13     | Reached skill level 10 in Dodging
 15188 | D:13     | Killed a tengu warrior
 15545 | D:13     | Noticed a centaur warrior
 15551 | D:13     | Killed a centaur warrior
 15679 | D:13     | Noticed a centaur warrior
 15680 | D:13     | Killed a centaur warrior
 15713 | D:13     | Identified the +8 mace of Oqerenel {drain, rPois Will+
                  | rCorr Stlth+}
 15732 | D:13     | Noticed Jorgrun
 15732 | D:13     | Noticed a centaur warrior
 15739 | D:13     | Killed a centaur warrior
 15745 | D:13     | Killed Jorgrun
 16118 | D:14     | Found a frozen archway.
 16277 | IceCv    | Entered an ice cave
 16278 | IceCv    | Found a transporter.
 16307 | IceCv    | Found a transporter.
 16627 | D:14     | Noticed a catoblepas
 16815 | D:14     | Noticed a vault guard
 16822 | D:14     | Killed a vault guard
 16833 | D:14     | Found Ene Vos's Distillery.
 16857 | D:14     | Reached XP level 13. HP: 67/118 MP: 12/12
 16861 | D:14     | Bought a potion of heal wounds for 65 gold pieces
 16861 | D:14     | Bought a potion of heal wounds for 65 gold pieces
 16895 | D:14     | Identified the +3 scale mail of Fortitude {Str+3 Dex+4}
 17293 | Lair:1   | Entered Level 1 of the Lair of Beasts
 18141 | Lair:2   | Noticed Harold
 18149 | Lair:2   | Killed Harold
 19392 | Lair:3   | Noticed Urug
 19404 | Lair:3   | Killed Urug
 20674 | Lair:3   | Found a hole to the Spider Nest.
 21300 | Lair:4   | Found a transporter.
 21315 | Lair:4   | Identified the amulet "Kusheuf" {Reflect -Tele rN++ Str+8
                  | SH+5}
 21396 | Lair:4   | Found a dark tunnel.
 21400 | Lair:4   | Received a gift from Trog
 21411 | Volcano  | Entered a volcano
 21558 | Volcano  | Reached XP level 14. HP: 129/129 MP: 13/13
 22216 | Lair:4   | Found a transporter.
 22216 | Lair:4   | Found a one-way gate to the infinite horrors of the Abyss.
 22216 | Lair:4   | Noticed Dwachs's ghost (journeyman DjVM)
 22279 | Lair:4   | Found a staircase to the Shoals.
 23649 | Lair:5   | Found a runed translucent door.
 23653 | Lair:5   | Found a viscous altar of Jiyva.
 23878 | Lair:5   | Found a staircase to the Slime Pits.
 23895 | Lair:6   | Entered Level 6 of the Lair of Beasts
 23915 | Lair:6   | Received a gift from Trog
 24584 | Lair:6   | Identified the +4 war axe of Bywonkih {holy, rPois}
 24663 | Lair:6   | Reached XP level 15. HP: 127/139 MP: 14/14
 25303 | Lair:6   | Identified the ring of Zodogi {Str+6 Int+3 Dex+4 Slay-5}
 26151 | D:14     | Found a gate to the Vaults.
 26265 | D:15     | Entered Level 15 of the Dungeon
 26521 | D:15     | Reached skill level 15 in Axes
 26697 | D:15     | Received a gift from Trog
 26862 | D:15     | Reached skill level 15 in Fighting
 27130 | D:15     | Found a staircase to the Depths.
 27600 | Orc:1    | Entered Level 1 of the Orcish Mines
 27657 | Orc:1    | Reached XP level 16. HP: 151/151 MP: 15/15
 27671 | Orc:2    | Entered Level 2 of the Orcish Mines
 27884 | Orc:2    | Found Fiyg's Antique Weapon Emporium.
 27905 | Orc:2    | Reached skill level 15 in Armour
 28032 | Orc:2    | Found Ziyrhes's Specific Store.
 28066 | Orc:2    | Reached skill level 15 in Shields
 28070 | Orc:2    | Identified the +5 broad axe "Vim Ing" {vorpal, rF+} (Trog
                  | gifted it to you on level 2 of the Orcish Mines)
 28070 | Orc:2    | Received a gift from Trog
 28080 | Orc:2    | Found Uluff's Book Shop.
 28084 | Orc:2    | Found Cosivao's Antique Weapon Shop.
 28293 | Orc:2    | Found Togus's Antique Armour Shop.
 28317 | Orc:2    | Found Qoehek's General Store.
 28507 | Orc:2    | Found Gurawn's General Store.
 28585 | Orc:2    | Found a staircase to the Elven Halls.
 29187 | Spider:1 | Entered Level 1 of the Spider Nest
 29195 | Spider:1 | Reached XP level 17. HP: 156/159 MP: 16/16
 30420 | Spider:1 | Received a gift from Trog
 30444 | Spider:1 | Reached ****** piety under Trog
 32053 | Spider:3 | Received a gift from Trog
 32389 | Orc:2    | Bought a scroll of brand weapon for 320 gold pieces
 33061 | Spider:3 | Reached skill level 15 in Dodging
 33566 | Spider:4 | Entered Level 4 of the Spider Nest
 33606 | Spider:4 | Reached XP level 18. HP: 158/170 MP: 17/17
 33807 | Spider:4 | Received a gift from Trog
 34149 | Spider:4 | Received a gift from Trog
 34185 | Spider:4 | Got a gossamer rune of Zot
 35091 | Shoals:1 | Entered Level 1 of the Shoals
 35124 | Shoals:1 | Found Unich's Antique Armour Shop.
 36315 | Shoals:2 | Received a gift from Trog
 36749 | Shoals:2 | Reached XP level 19. HP: 180/180 MP: 18/18
 37323 | Shoals:3 | Found a shimmering altar of Xom.
 37421 | Shoals:3 | Received a gift from Trog
 37831 | Shoals:4 | Entered Level 4 of the Shoals
 37945 | Shoals:4 | Noticed Polyphemus
 37976 | Shoals:4 | Killed Polyphemus
 38156 | Shoals:4 | Received a gift from Trog
 38171 | Shoals:4 | Identified the amulet "Tam Haop" {rElec rPois rF- Will+
                  | Regen+ rCorr}
 38188 | Shoals:4 | Noticed Kirke
 38201 | Shoals:4 | Killed Kirke
 38300 | Shoals:4 | HP: 12/271 [frost giant/bolt of cold (40)]
 38306 | Shoals:4 | Killed from afar by a frost giant

Illustrated notes

Levels and vault maps discovered:
D:1:      minmay_arrival_up_and_down, layout_rooms,
          ebering_ecumenical_altar_petrified, minmay_tromino_v4_b
D:2:      layout_basic, uniq_natasha
D:3:      layout_loops_ring, kennysheep_crisscross
D:4:      layout_basic, minmay_distorted
D:5:      layout_basic, worldfamousw_hep_ancestral_shrine, minitemple,
          lemuel_doored_altar
D:6:      layout_layer_cave, nicolae_ru_sacrificial_ziggurat,
          minmay_temple_entry_mini_moons, serial_shops, shop,
          minmay_misc_feat_columns, uniq_blork_the_orc
D:7:      layout_rooms, lemuel_coloured_pillars_altar, serial_co_window_serial,
          co_window_paths_a, co_window_paths_b, co_window_paths_a,
          co_window_corner_a, co_window_corner_a, co_window_corner_a,
          co_window_of_opportunity_a, co_window_cross_4, co_window_cross_2,
          co_window_unsneaky_path_e, serial_bayou_pond_a, uniq_menkaure
D:8:      layout_rooms, overflow_temple_1_default, st_stairs_10
D:9:      layout_rooms, makhleb_altar_promises_db
D:10:     layout_basic, orc_david_3, enter_bailey_4, kennysheep_generic_room_5
D:11:     layout_roguey, erik_lair_dragon, dk_vineyard_3
D:12:     layout_rooms
D:13:     layout_irregular_city, uniq_frances, uniq_jorgrun
D:14:     layout_irregular_city, david_vaults_5, portal_ice_cave_rime,
          serial_shops, nicolae_diamond_shop, hangedman_decor_clover_reticule,
          serial_bayou_pond_c, minmay_misc_feat_roman
D:15:     gammafunk_enter_depths_forms, layout_basic, roderic_roman_lattice,
          st_stairs_9, serial_bayou_lagoon_a
Lair:1:   layout_cave_pods
Lair:2:   layout_small_grid, uniq_harold
Lair:3:   layout_gridlike, nicolae_spider_entry_orb_guardian,
          hangedman_lair_generics_rect, minmay_lair_oklob_chamber, uniq_urug
Lair:4:   layout_regular_city, elwin_shoals_entry_stream, enter_volcano_3,
          gammafunk_ghost_abyssal_escape
Lair:5:   layout_cave_pods, slime_altar_2
Lair:6:   grunt_lair_end_beastmaster, layout_long_grid
Shoals:1: layout_shoals, serial_shops,
          nicolae_shop_temple_entry_statues_fountains,
          nicolae_shoals_aquamancer_cove
Shoals:2: layout_shoals
Shoals:3: nzn_motion_control, layout_shoals, lemuel_oklob_altar
Shoals:4: shoals_end_grunt_ice, layout_shoals, uniq_kirke, uniq_polyphemus
Spider:1: nicolae_spider_hilbert_zone_2 [nicolae_spider_hilbert_4_sides_1_open,
          nicolae_spider_hilbert_4_sides_1_open,
          nicolae_spider_hilbert_4_sides_1_open,
          nicolae_spider_hilbert_4_sides_1_open,
          nicolae_spider_hilbert_6_sides_1_open,
          nicolae_spider_hilbert_6_sides_1_open,
          nicolae_spider_hilbert_3_sides_1_open,
          nicolae_spider_hilbert_3_sides_1_open,
          nicolae_spider_hilbert_3_sides_1_open,
          nicolae_spider_hilbert_3_sides_1_open,
          nicolae_spider_hilbert_6_sides_1_open,
          nicolae_spider_hilbert_6_sides_1_open,
          nicolae_spider_hilbert_6_sides_1_open,
          nicolae_spider_hilbert_6_sides_1_open]
Spider:2: layout_spider_delve
Spider:3: layout_spider_delve, nicolae_spider_undead_wolf_pack
Spider:4: floodkiller_spider_rune_tomb
Orc:1:    layout_caves
Orc:2:    grunt_orc_cross, layout_caves, nicolae_specific_store,
          guppyfry_orc_lava_fort

Skill      XL: |  1  2  3  4  5  6  7  8  9 10 11 12 13 14 15 16 17 18 19 |
---------------+----------------------------------------------------------+-----
Axes           | 4 5 6 7 8 10 11 12 13 14 15 16 17 18 | 18.2
Fighting       | 4 5 6 7 8 9 11 12 13 14 16 17 18 | 18.9
Shields        | 1 2 3 4 5 7 8 10 11 12 13 14 15 16 17 | 17.8
Armour         | 3 4 5 6 7 9 10 11 13 14 15 16 17 | 17.9
Dodging        | 3 4 6 7 8 9 11 12 13 14 15 16 | 16.7

Action                   |  1- 3 |  4- 6 |  7- 9 | 10-12 | 13-15 | 16-18 | 19-21 || total
-------------------------+-------+-------+-------+-------+-------+-------+-------++-------
Melee: Hand axe          |    49 |    67 |   312 |   392 |   847 |   504 |       ||  2171
       Headbutt          |     6 |    14 |    79 |   151 |   343 |   357 |   108 ||  1058
       Broad axe         |       |       |       |       |       |   666 |   324 ||   990
Invok: Berserk           |     1 |     4 |    10 |     2 |     1 |       |     1 ||    19
       Trog's Hand       |       |     1 |     2 |     1 |     1 |     2 |     1 ||     8
       Brothers in Arms  |       |       |       |     2 |       |       |       ||     2
  Use: Scroll            |       |       |    13 |    11 |    10 |    11 |       ||    45
       Potion            |       |       |       |       |     1 |     3 |       ||     4
 Stab: Sleeping          |       |     1 |       |       |       |       |       ||     1
       Petrified         |       |       |       |       |     4 |       |     1 ||     5
       Petrifying        |       |       |       |       |     1 |       |       ||     1
Armor: Animal skin       |     3 |     5 |     3 |       |       |       |       ||    11
       Scale mail        |       |       |    31 |       |       |       |       ||    31
       Plate armour      |       |       |    76 |   125 |   134 |   357 |   104 ||   796
Dodge: Dodged            |    29 |    33 |   141 |   146 |   222 |   613 |   159 ||  1343
Block: Buckler           |     1 |     6 |    70 |    46 |       |       |       ||   123
       Kite shield       |       |       |       |   146 |   564 |  1465 |   374 ||  2549
       Reflection        |       |       |       |    12 |    31 |    29 |    62 ||   134

Table legend: (Time is in decaauts)
 A = Elapsed time spent in this place.
 B = Non-inter-level travel time spent in this place.
 C = Inter-level travel time spent in this place.
 D = Time resting spent in this place.
 E = Time spent auto-exploring this place.
 F = Levels seen in this place.
 G = Mean time per level.
                   A        B        C        D        E       F      G
               +--------+--------+--------+--------+--------+-----+--------+
         Total |  38096 |  35187 |   2909 |   4297 |  25836 |  34 | 1120.5 |
       Dungeon |  19155 |  17616 |   1539 |   2370 |  13301 |  15 | 1277.0 |
          Lair |   7755 |   7113 |    642 |    919 |   5403 |   6 | 1292.5 |
        Shoals |   3160 |   3059 |    101 |    225 |   1929 |   4 |  790.0 |
   Spider Nest |   5281 |   4783 |    498 |    626 |   3164 |   4 | 1320.2 |
  Orcish Mines |   1465 |   1338 |    127 |      0 |   1163 |   2 |  732.5 |
        Bailey |    512 |    512 |      0 |     86 |    350 |   1 |  512.0 |
      Ice Cave |     36 |     36 |      0 |      0 |     13 |   1 |   36.0 |
       Volcano |    729 |    729 |      0 |     70 |    511 |   1 |  729.0 |
               +--------+--------+--------+--------+--------+-----+--------+

Top non-repeatable levels by time:
Spider:1: 2301 daAuts
     D:6: 2040 daAuts
    D:11: 2026 daAuts
  Lair:3: 1988 daAuts
    D:14: 1675 daAuts
     D:7: 1637 daAuts
     D:2: 1603 daAuts
    D:13: 1511 daAuts
  Lair:6: 1429 daAuts
Spider:4: 1377 daAuts
   Orc:2: 1351 daAuts
  Lair:2: 1345 daAuts
  Lair:4: 1225 daAuts
    D:12: 1202 daAuts
    D:15: 1172 daAuts
